Map: Dusk Towers

Players

IIIIIIIIIIII - Winner!

  • Race: Protoss Protoss
  • League: Diamond

LilDicky

  • Race: Terran Terran
  • League: Diamond

VOD

http://www.twitch.tv/tumescentpie

Description

Time

  • Played on: Dec. 7, 2015, 10:55 p.m.
  • Length: 10:56
Show
View Real Time Build Order
Export as new Build Order

IIIIIIIIIIII Protoss - Winner!

Build Orders: 1 Gate Expand 

Get SALT Encoding   

  12  0:01  Probe (Chrono Boost)  
  13  0:12  Probe (Chrono Boost)  
  14  0:18  Pylon  
  14  0:22  Probe (Chrono Boost)  
  15  0:36  Probe (Chrono Boost)  
  15  0:38  Gateway  
  16  0:46  Probe (Chrono Boost)  
  17  0:57  Probe (Chrono Boost)  
  18  1:11  Nexus  
  18  1:18  Probe (Chrono Boost), Assimilator  
  19  1:30  Cybernetics Core  
  19  1:34  Probe (Chrono Boost)  
  20  1:43  Assimilator  
  20  1:45  Pylon  
  20  1:49  Probe (Chrono Boost)  
  21  2:00  Probe (Chrono Boost)  
  22  2:05  Stalker (Chrono Boost), Warp Gate (Chrono Boost)  
  24  2:11  Probe  
  25  2:23  Probe x2  
  27  2:30  Stalker  
  27  2:35  Probe x2  
  31  2:44  Forge  
  31  2:48  Mothership Core (Chrono Boost), Probe (Chrono Boost)  
  34  3:00  Stalker  
  37  3:06  Probe (Chrono Boost)  
  37  3:07  Probe (Chrono Boost)  
  37  3:12  Gateway  
  38  3:26  Protoss Ground Weapons Level 1 (Chrono Boost), Photon Cannon  
  38  3:31  Twilight Council  
  38  3:33  Probe x2  
  40  3:45  Probe x2, Pylon  
  42  3:57  Probe x2  
  44  4:07  Pylon  
  44  4:09  Probe x2  
  46  4:10  Assimilator x2  
  46  4:13  Robotics Facility  
  46  4:17  Pylon  
  46  4:19  Blink (Chrono Boost)  
  46  4:23  Probe  
  46  4:24  Probe  
  48  4:36  Probe x2  
  50  4:41  Nexus  
  50  4:47  Pylon  
  50  4:49  Probe x2  
  52  4:57  Stalker  
  52  5:00  Stalker  
  52  5:01  Probe  
  55  5:17  Pylon  
  55  5:18  Immortal (Chrono Boost)  
  55  5:21  Pylon  
  59  5:35  Gateway  
  59  5:37  Gateway x2  
  59  5:41  Stalker x2  
  57  5:53  Probe  
  57  5:54  Probe x2  
  60  6:08  Stalker  
  60  6:09  Stalker  
  64  6:17  Immortal (Chrono Boost)  
  64  6:21  Forge, Pylon  
  58  6:33  Protoss Ground Weapons Level 2 (Chrono Boost)  
  58  6:44  Adept x4  
  58  6:45  Adept  
  63  7:01  Probe  
  63  7:02  Probe  
  65  7:13  Adept x2  
  65  7:14  Adept x3  
  67  7:16  Immortal  
  59  7:37  Adept x3  
  61  7:50  Immortal  
  57  7:59  Adept x2, Pylon  
  57  8:03  Pylon  
  61  8:07  Probe  
  61  8:12  Gateway  
  62  8:16  Dark Shrine  
  62  8:24  Pylon  
  62  8:25  Stalker x4, Pylon  
  62  8:26  Pylon  
  70  8:31  Nexus  
  70  8:38  Protoss Ground Weapons Level 3 (Chrono Boost)  
  70  8:55  Stalker  
  70  8:56  Stalker x4  
  70  9:00  Probe  
  70  9:01  Probe  
  82  9:04  Immortal  
  86  9:13  Probe  
  79  9:33  Stalker, Pylon  
  79  9:34  Stalker x3  
  87  9:41  Probe x2  
  87  9:44  Mothership Core  
  89  9:49  Observer  
  92  9:53  Probe  
  92  9:54  Probe  
  94  10:05  Probe x2  
  96  10:17  Dark Templar  
  96  10:18  Dark Templar x5  
  96  10:20  Probe  
  96  10:21  Probe x2  
  111  10:26  Assimilator  
  111  10:32  Assimilator  
  111  10:33  Probe  
  114  10:36  Probe x2  
  116  10:54  Nexus  
Show
View Real Time Build Order
Export as new Build Order

LilDicky Terran 

Build Orders: MMM Bio 

Get SALT Encoding   

  12  0:01  SCV  
  13  0:13  SCV  
  14  0:18  Supply Depot  
  14  0:26  SCV  
  15  0:30  Refinery  
  15  0:39  SCV  
  16  0:46  Barracks  
  16  0:53  SCV  
  17  1:05  SCV  
  18  1:20  SCV  
  20  1:34  Marine  
  20  1:36  Supply Depot  
  20  1:37  Orbital Command  
  20  1:40  Factory  
  20  1:52  Marine  
  21  2:06  SCV, Barracks  
  21  2:07  Barracks  
  22  2:13  Refinery  
  22  2:19  SCV  
  22  2:21  Barracks Reactor  
  23  2:31  SCV  
  24  2:44  Widow Mine  
  24  2:45  SCV  
  27  2:53  Supply Depot  
  27  2:54  Barracks Tech Lab x2  
  27  2:58  SCV  
  27  3:25  Marauder x2, Marine x2  
  27  3:26  Combat Shields, Stimpack  
  33  3:28  SCV  
  33  3:30  Supply Depot  
  34  3:40  Starport  
  34  3:43  Marine x2  
  34  3:58  Marine  
  34  3:59  Marauder  
  34  4:00  SCV  
  38  4:12  Supply Depot  
  38  4:13  Marine x2  
  38  4:14  SCV  
  38  4:17  Marauder  
  43  4:18  Medivac  
  43  4:20  Marauder  
  47  4:33  Marine  
  47  4:35  Marine  
  47  4:38  Marauder  
  51  4:39  Supply Depot  
  51  4:42  Marauder  
  51  4:45  Concussive Shells  
  53  4:49  Medivac  
  55  5:09  Marauder x2, Marine  
  60  5:15  Marine  
  60  5:17  Supply Depot  
  60  5:20  Medivac  
  63  5:26  SCV  
  63  5:27  Marine  
  65  5:31  Marauder  
  64  5:50  Medivac  
  65  6:08  Marine x3  
  68  6:20  Command Center, Medivac  
  66  6:31  Marine x2  
  66  6:32  Marauder  
  67  6:35  Marine  
  67  6:36  SCV  
  67  6:49  Marine  
  67  6:53  Marauder  
  65  7:40  Marine x4  
  66  7:58  Marine x4  
  67  8:11  Orbital Command  
  67  8:15  Marine  
  67  8:16  Marine  
  69  8:22  Refinery  
  69  8:25  Refinery  
  69  8:30  Orbital Command  
  69  8:33  Barracks x2  
  69  8:34  Barracks  
  58  8:55  Marine  
  58  8:56  Marine  
  58  8:57  Marauder x2  
  58  9:02  SCV x2  
  66  9:06  Medivac  
  68  9:13  Marine x2  
  68  9:14  SCV  
  65  9:18  Marine x2  
  59  9:30  Marine x3  
  58  9:31  Marine  
  58  9:32  Marine  
  58  9:36  Marauder x2  
  64  9:47  Barracks  
  64  9:48  Barracks, Marine x3  
  64  9:49  SCV, Engineering Bay, Barracks, Marine  
  64  9:50  Engineering Bay, Marine  
  70  9:57  Marine  
  70  9:58  Marauder  
  73  10:04  SCV x2  
  73  10:06  Marine x3  
  78  10:12  Marine  
  78  10:13  Starport Reactor  
  79  10:16  SCV, Marine x2  
  79  10:18  SCV  
  79  10:19  Marauder  
  85  10:26  Marine x2  
  85  10:27  Marine  
  88  10:34  Marauder  
  94  10:52  Bunker  
  94  10:55  Bunker  
Tags
 
Add a new tag
Caveats
  • Supply blocks, unpowered buildings, or Contaminate may cause inaccurate times.
  • Supply counts are checked every 10 seconds.